 Dungeon Crawl Stone Soup version 0.24.0-13-gcf9b319 (webtiles) character file.

Game seed: 11346608269933686366, levelgen mode: deterministic

362 Bronimir the Conjurer (level 6, -1/39 HPs)
             Began as an Octopode Conjurer on Mar 2, 2020.
             Slain by a water moccasin (4 damage)
             ... on level 5 of the Dungeon.
             The game lasted 00:15:04 (3903 turns).

Bronimir the Conjurer (Octopode Conjurer)           Turns: 3903, Time: 00:15:05

Health: -1/39      AC:  1    Str:  7    XL:     6   Next: 66%
Magic:  9/19       EV: 14    Int: 20    God:
Gold:   376        SH:  0    Dex: 12    Spells: 5/11 levels left

rFire    + . .     SeeInvis .   a - +0 flail (protect)
rCold    . . .     Gourm    .   (no shield)
rNeg     . . .     Faith    .   (helmet restricted)
rPois    .         Spirit   .   (no amulet)
rElec    .         Reflect  .   q - ring of magical power
rCorr    .         Harm     .   w - ring of flight
MR       .....                  e - ring of protection from fire
Stlth    +++.......             (no ring)
HPRegen  0.13/turn              (no ring)
MPRegen  0.16/turn              (no ring)
                                (no ring)
                                (no ring)

@: no status effects
A: almost no armour, stealthy swim, amphibious, 8 rings, constrict 8, camouflage
1, gelatinous body 1
a: Evoke Flight


You were on level 5 of the Dungeon.
You were not hungry.

You visited 1 branch of the dungeon, and saw 5 of its levels.

You collected 376 gold pieces.

Inventory:

Hand Weapons
 a - a +0 flail of protection (weapon)
 b - a +0 shortbow
 i - a +0 spear
 y - a +0 war axe
Missiles
 c - 7 boomerangs
 d - 79 bolts
 g - 91 stones
 m - 44 arrows
 o - 11 poisoned darts (quivered)
 p - 20 sling bullets
Jewellery
 e - a ring of protection from fire (on tentacle)
 q - a ring of magical power (left tentacle)
 w - a ring of flight (right tentacle)
Scrolls
 f - 3 scrolls of identify
 h - a scroll of remove curse
 j - a scroll of enchant armour
 n - 5 scrolls of teleportation {unknown}
 r - a scroll of random uselessness {unknown}
 u - a scroll of fear {unknown}
 z - a scroll of blinking {unknown}
 A - a scroll of amnesia {unknown}
 B - a scroll of enchant weapon {unknown}
Potions
 k - 2 potions of curing
 l - 2 potions of haste {unknown}
 s - a potion of flight {unknown}
 t - 3 potions of brilliance {unknown}
 v - a potion of resistance {unknown}
 x - a potion of degeneration {unknown}
Comestibles
 C - 9 rations


   Skills:
 * Level 1.8 Fighting
 + Level 0.3 Maces & Flails
 + Level 1.0 Throwing
 * Level 3.1 Dodging
 - Level 2.6 Stealth
 + Level 3.1 Spellcasting
 + Level 5.9 Conjurations
 * Level 1.4 Hexes


You had 5 spell levels left.
You knew the following spells:

 Your Spells              Type           Power        Failure   Level  Hunger
a - Magic Dart            Conj           ####         1%          1    None
b - Searing Ray           Conj           ####..       1%          2    ##.....
c - Dazzling Spray        Conj/Hex       ###...       10%         3    ###....

Your spell library contained the following spells:

 Spells                   Type           Power        Failure   Level  Hunger
 Confusing Touch          Hex            #.....       8%          1    None
 Iskenderun's Mystic Bla  Conj           ####....     12%         4    ####...
 Confuse                  Hex            #.......     24%         3    ###....
 Fulminant Prism          Conj/Hex       ###.......   30%         4    ####...
 Gell's Gravitas          Tloc           #.........   38%         3    ###....
 Force Lance              Conj/Tloc      ###.....     38%         4    ####...
 Petrify                  Tmut/Erth      #.......     80%         4    ####...
 Metabolic Englaciation   Hex/Ice        #.........   96%         5    ######.
 Yara's Violent Unravell  Hex/Tmut       #.........   96%         5    ######.


Dungeon Overview and Level Annotations

Branches:
Dungeon (5/15)
 Temple: D:4-7

Altars:
Cheibriados
Elyvilon
Kikubaaqudgha
Wu Jian
Xom
Zin

Shops:
D:5 %


Innate Abilities, Weirdness & Mutations

You cannot wear most types of armour.
You are very stealthy in the water. (Stealth+)
You are amphibious.
You can wear up to eight rings at the same time.
You can use your tentacles to constrict eight enemies at once.
Your skin changes colour to match your surroundings (Stealth+).
Your rubbery body absorbs attacks. (AC +1, EV +1)


Message History

Aim: a water moccasin (lightly wounded)
The magic dart hits the water moccasin!
The water moccasin is heavily wounded.
Casting: Magic Dart (safe; 1% risk of failure)
Confirm with . or Enter, or press ? or * to list all spells.
Aiming: Searing Ray (safe; 1% risk of failure)
Press: ? - help, Shift-Dir - straight line, f/p - water moccasin
Aim: a water moccasin (heavily wounded)
The searing ray hits the water moccasin.
The water moccasin is heavily wounded. (Press . to maintain the ray.)
The searing ray hits the water moccasin.
The water moccasin is severely wounded.
The water moccasin bites you!
* * * LOW HITPOINT WARNING * * *
The water moccasin bites you.
* * * LOW HITPOINT WARNING * * *
The searing ray misses the water moccasin.
The water moccasin bites you.
You die...

..## ........(...... #
...#................ .....#..
...#.##............###.......
.# ...#.........##.#.........#
###......#......#.....)##.##..
#.............................
..............##.(...........#
.....# #%...##S....#......#
.#...# #......@(.........#
.#...+ #.....(.....∩.....#
.....# #...###.........###
.....#####...#####......##
[.............###....#..#
.....................#..#
...##...##...........#...#
.............#........#....
.....#..##...#.......###....


You could see a water moccasin.

Vanquished Creatures
  A centaur (D:5)
  A jelly (D:5)
  2 iguanas
  4 gnolls (D:4)
  9 adders
  A shadow imp (D:5)
  A worm (D:3)
  3 dart slugs (D:2)
  3 leopard geckos
  2 orcs (D:3)
  7 bats
  6 giant cockroaches
  9 goblins
  7 hobgoblins
  4 jackals (D:3)
  A ball python (D:5)
  3 frilled lizards
  A jackal skeleton (D:4)
  4 kobolds
  4 rats
73 creatures vanquished.

Notes
Turn   | Place    | Note
-------+----------+-------------------------------------------
     0 | D:1      | Bronimir the Octopode Conjurer began the quest for the Orb.
     0 | D:1      | Reached XP level 1. HP: 11/11 MP: 3/3
   316 | D:1      | Reached XP level 2. HP: 17/17 MP: 0/5
   568 | D:1      | Learned a level 2 spell: Searing Ray
   628 | D:1      | You fall into a shaft and drop 1 floor!
   644 | D:2      | Reached XP level 3. HP: 18/21 MP: 0/6
   732 | D:2      | Learned a level 3 spell: Dazzling Spray
   849 | D:2      | Reached skill level 5 in Conjurations
  1055 | D:2      | Reached XP level 4. HP: 25/27 MP: 2/7
  1120 | D:2      | Found a white marble altar of Elyvilon.
  1477 | D:3      | Found a shimmering altar of Xom.
  1477 | D:3      | Noticed an angel
  1478 | D:3      | Found a glowing silver altar of Zin.
  2119 | D:3      | Reached XP level 5. HP: 32/32 MP: 3/8
  2777 | D:4      | Reached skill level 1 in Fighting
  3251 | D:5      | Entered Level 5 of the Dungeon
  3251 | D:5      | Noticed a water moccasin
  3651 | D:5      | Reached XP level 6. HP: 33/38 MP: 9/9
  3726 | D:5      | Found an ancient bone altar of Kikubaaqudgha.
  3726 | D:5      | Found a snail-covered altar of Cheibriados.
  3734 | D:5      | Reached skill level 1 in Hexes
  3776 | D:5      | Found an ornate altar of the Wu Jian Council.
  3803 | D:5      | Found Xerom's Food Shop.
  3816 | D:5      | Reached skill level 1 in Throwing
  3903 | D:5      | Slain by a water moccasin

Levels and vault maps discovered:
D:1:      psy_arrival_radial02, layout_basic, minmay_pentomino_z4
D:2:      layout_rooms, elyvilon_altar_5
D:3:      layout_basic, grunt_temple_overflow_order_and_chaos_1
D:4:      layout_loops_cross, first_ration
D:5:      layout_cave_pools, chequers_temple_overflow_statue_of_worship,
          minmay_temple_entry_junction, serial_column_ruins, column_ruins_hut,
          column_ruins_hut, column_ruins_open_medium, column_ruins_grid_1,
          column_ruins_grid_1, serial_shops, shop_coins,
          nicolae_ossuary_entry_giza

Skill      XL: |  1  2  3  4  5  6 |
---------------+-------------------+-----
Conjurations   | 5 |  5.9
Fighting       | 1 |  1.8
Dodging        | 3 |  3.1
Hexes          | 1 |  1.4
Throwing       | 1 |  1.0
Spellcasting   | 3 |  3.1
Maces & Flails | |  0.3
Stealth        | |  2.6

Action                   |  1- 3 |  4- 6 || total
-------------------------+-------+-------++-------
Melee: Whip              |    25 |       ||    25
       Constrict         |     8 |     3 ||    11
       Tentacles         |     2 |     2 ||     4
       Spear             |       |     8 ||     8
Throw: Boomerang         |     7 |       ||     7
       Dart              |       |     7 ||     7
 Cast: Magic Dart        |    52 |   108 ||   160
       Searing Ray       |       |     7 ||     7
       Dazzling Spray    |       |     2 ||     2
  Use: Scroll            |       |     3 ||     3
  Eat: Chunk             |     1 |     7 ||     8
       Ration            |       |     1 ||     1
Armor: Skin              |     7 |     3 ||    10
Dodge: Dodged            |    28 |    25 ||    53
